 Dungeon Crawl Stone Soup version 0.20.1-1-g8b1a95d (webtiles) character file.

3420 Charly the Geomancer (level 10, -20/44 HPs)
             Began as a Vine Stalker Earth Elementalist on July 23, 2017.
             Was an Initiate of Ashenzari.
             Demolished by a white ugly thing (25 damage)
             ... on level 11 of the Dungeon.
             The game lasted 00:26:45 (1893 turns).

Charly the Geomancer (VSEE)                         Turns: 1893, Time: 00:26:47

Health: -20/44     AC: 10    Str: 14    XL:     10   Next: 5%
Magic:  0/27       EV: 13    Int: 20    God:    Ashenzari [......]
Gold:   202        SH:  0    Dex: 21    Spells: 8/19 levels left

rFire    . . .     SeeInvis .   C - +3 flail "Tocof" {flame, Int+2 Dex+6}
rCold    . . .     Gourm    .   (no shield)
rNeg     . . .     Faith    .   y - +1 robe "Polopn" {Str+3}
rPois    .         Spirit   +   A - +2 helmet
rElec    .         Reflect  .   v - +0 cloak
rCorr    .         Harm     +   h - +1 pair of gloves (curse)
MR       +....                  o - +0 pair of boots (curse)
Stlth    ++........             f - amulet of harm
Regen    0.6/turn               i - ring of wizardry
MPRegen  0.2/turn               a - ring of magical power (curse)

@: hasted, very quick
A: fangs 3, regeneration 1, magic shield, antimagic bite, no potion heal 3, rot
immunity
a: Curse Item, Renounce Religion


You were on level 11 of the Dungeon.
You worshipped Ashenzari.
Ashenzari was noncommittal.
You were very hungry.

You visited 2 branches of the dungeon, and saw 14 of its levels.
You also visited: Sewer.

You collected 202 gold pieces.

Inventory:

Hand Weapons
 n - a +2 short sword of venom
 C - the +3 flail "Tocof" (weapon) {flame, Int+2 Dex+6}
   (You found it on level 12 of the Dungeon)

   It has been specially enchanted to burn those struck by it, causing extra
   injury to most foes and up to half again as much damage against particularly
   susceptible opponents.
   It affects your intelligence (+2).
   It affects your dexterity (+6).
Missiles
 b - 125 stones (quivered)
 q - 7 curare-tipped needles
 s - a throwing net
Armour
 h - a cursed +1 pair of gloves (worn)
 j - a +0 large shield
 o - a cursed +0 pair of boots (worn)
 v - a +0 cloak (worn)
 y - the +1 robe "Polopn" (worn) {Str+3}
   (You found it on level 9 of the Dungeon)

   It affects your strength (+3).
 A - a +2 helmet (worn)
Jewellery
 a - a cursed ring of magical power (right hand)
 f - an amulet of harm (around neck)
 i - a ring of wizardry (left hand)
Wands
 r - a wand of polymorph (9/24)
 w - a wand of iceblast (4/15)
Scrolls
 g - a scroll of enchant armour
Potions
 k - a potion of might
 l - a potion of degeneration {unknown}
 m - 4 potions of brilliance
 t - a potion of flight {unknown}
 x - a potion of lignification {unknown}
 z - 3 potions of mutation
 B - 2 potions of curing
Books
 e - a book of Geomancy

   Spells                             Type                      Level
   a - Sandblast                      Earth                        1
   b - Passwall                       Transmutation/Earth          2
   c - Stone Arrow                    Conjuration/Earth            3
   d - Petrify                        Transmutation/Earth          4
   e - Lee's Rapid Deconstruction     Earth                        5
Comestibles
 d - a bread ration


   Skills:
 + Level 0.6 Fighting
 - Level 4.5 Maces & Flails
 + Level 1.7 Dodging
 - Level 2.4 Stealth
 - Level 5.1 Spellcasting
 - Level 5.1 Conjurations
 - Level 1.0 Transmutations
 - Level 11.0 Earth Magic


You had 8 spell levels left.
You knew the following spells:

 Your Spells              Type           Power        Failure   Level  Hunger
a - Stone Arrow           Conj/Erth      #####.       1%          3    ##.....
b - Sandblast             Erth           #####.       1%          1    None
d - Lee's Rapid Deconstr  Erth           #####.....   1%          5    #####..
p - Passwall              Tmut/Erth      ####......   1%          2    None


Dungeon Overview and Level Annotations

Branches:
Dungeon (13/15)            Temple (1/1) D:7
   Lair: D:8-11         Orc: D:9-12      Vaults: D:13-14

Altars:
Ashenzari
Cheibriados
Dithmenos
Elyvilon
Fedhas
Gozag
Hepliaklqana
Nemelex Xobeh
Ru
Trog
Uskayaw
Vehumet
Xom
Yredelemnul
Zin

Annotations:
D:2 Sigmund
D:5 Blork the orc
D:11 Fannar


Innate Abilities, Weirdness & Mutations

You have razor-sharp teeth.
Your natural rate of healing is unusually fast.
When hurt, damage is shared between your health and your magic reserves.
Your bite disrupts and absorbs the magic of your enemies.
Potions cannot restore your health.
You are immune to rotting.


Message History

Press: ? - help, Dir - move target cursor That beam is likely to hit you.
Continue anyway?
The wall shatters!
The blast of rock fragments hits Fannar.
Fannar is moderately wounded.
The blast of rock fragments hits the white ugly thing.
The white ugly thing is moderately wounded.
You are feeling very hungry.
The white ugly thing kicks you! The white ugly thing freezes you!!
Ouch! That really hurt!
* * * LOW HITPOINT WARNING * * *
Unknown command.
Okay, then.
You feel yourself speed up.
The bullfrog croaks.
The white ugly thing kicks you.
* * * LOW HITPOINT WARNING * * *
The white ugly thing freezes you!!
Ouch! That really hurt!
You die...

##...## #.# ##+##
#.# #. #.# #. #.# #
##.# #.# #.#...##
#.# #......# #.#
...#....##########.#
....†F...%eu@.[....#
...F#F##############
. #


You could see Fannar, a white ugly thing and 2 bullfrogs.

Vanquished Creatures
  A hydra (D:11)
  A two-headed ogre (D:12)
  Maurice (D:9)
  A gargoyle (D:12)
  A troll (D:9)
  A phantom (D:7)
  An ogre (D:5)
  A centaur (D:9)
  3 bullfrogs
  3 howler monkeys
  A bullfrog zombie (D:6)
  A crimson imp (D:6)
  3 hounds
  A bullfrog skeleton (D:4)
  A gnoll shaman (D:6)
  2 orc priests (D:9)
  An iguana (D:12)
  Natasha (D:2)
  3 orc wizards
  3 worker ants
  A hound skeleton (D:8)
  A worker ant zombie (D:6)
  9 gnolls
  A river rat (Sewer)
  5 adders
  A shadow imp (D:8)
  An ooze (D:3)
  2 adder zombies
  A worm (D:3)
  3 dart slugs
  2 leopard geckos
  10 orcs
  A ball python (D:3)
  2 giant cockroaches (D:3)
  3 goblins
  A hobgoblin (D:1)
  4 kobolds
  2 quokkas
  6 bats
  6 frilled lizards
  8 rats
101 creatures vanquished.

Notes
Turn   | Place    | Note
-------+----------+-------------------------------------------
     0 | D:1      | Charly the Vine Stalker Earth Elementalist began the quest for the Orb.
     0 | D:1      | Reached XP level 1. HP: 9/9 MP: 4/4
    96 | D:1      | Reached XP level 2. HP: 11/13 MP: 0/6
   108 | D:1      | -1
   140 | D:2      | Noticed Sigmund
   190 | D:2      | Reached skill level 4 in Earth Magic
   280 | D:1      | Reached XP level 3. HP: 6/16 MP: 3/7
   385 | D:2      | Noticed Natasha
   392 | D:2      | Killed Natasha
   404 | D:2      | Gained mutation: Your natural rate of healing is unusually fast. [Vine Stalker growth]
   404 | D:2      | Reached XP level 4. HP: 15/21 MP: 2/8
   414 | D:3      | Found a bloodstained altar of Trog.
   422 | D:3      | Learned a level 2 spell: Passwall
   426 | D:3      | Learned a level 3 spell: Stone Arrow
   487 | D:3      | Found a glowing drain.
   491 | Sewer    | Entered a sewer
   514 | Sewer    | Reached skill level 5 in Earth Magic
   612 | D:4      | mp+wiz
   614 | D:5      | Entered Level 5 of the Dungeon
   614 | D:5      | Found a radiant altar of Vehumet.
   614 | D:5      | Noticed Blork the orc
   660 | D:3      | Reached skill level 1 in Conjurations
   716 | D:3      | Reached XP level 5. HP: 18/24 MP: 3/9
  1002 | D:4      | Reached XP level 6. HP: 28/28 MP: 8/11
  1023 | D:4      | Learned a level 5 spell: Lee's Rapid Deconstruction
  1062 | D:5      | Reached skill level 6 in Earth Magic
  1144 | D:6      | Reached XP level 7. HP: 29/32 MP: 12/12
  1148 | D:6      | Found a glowing silver altar of Zin.
  1266 | D:6      | Reached skill level 7 in Earth Magic
  1286 | D:7      | Found a staircase to the Ecumenical Temple.
  1295 | Temple   | Entered the Ecumenical Temple
  1325 | Temple   | Became a worshipper of Ashenzari the Shackled
  1440 | D:9      | Noticed a troll
  1446 | D:9      | Killed a troll
  1446 | D:9      | Gained mutation: You have razor-sharp teeth. [Vine Stalker growth]
  1446 | D:9      | Reached XP level 8. HP: 36/36 MP: 8/15
  1507 | D:9      | Noticed Maurice
  1525 | D:9      | Reached skill level 8 in Earth Magic
  1528 | D:9      | Killed Maurice
  1528 | D:9      | Reached skill level 9 in Earth Magic
  1551 | D:9      | Got the uncursed robe "Polopn" {Str+3}
  1562 | D:9      | Identified the +1 robe "Polopn" {Str+3} (You found it on level 9 of the Dungeon)
  1608 | D:10     | Entered Level 10 of the Dungeon
  1635 | D:12     | Reached XP level 9. HP: 39/39 MP: 16/16
  1681 | D:12     | Noticed a gargoyle
  1683 | D:12     | Killed a gargoyle
  1683 | D:12     | Reached skill level 5 in Spellcasting
  1683 | D:12     | Reached skill level 5 in Conjurations
  1692 | D:12     | Reached skill level 10 in Earth Magic
  1699 | D:12     | Noticed a two-headed ogre
  1702 | D:12     | Killed a two-headed ogre
  1702 | D:12     | Reached skill level 11 in Earth Magic
  1720 | D:12     | Got the flail "Tocof" {flame, Int+2 Dex+6}
  1721 | D:12     | Identified the +3 flail "Tocof" {flame, Int+2 Dex+6} (You found it on level 12 of the Dungeon)
  1859 | D:11     | Noticed a six-headed hydra
  1875 | D:11     | Killed a six-headed hydra
  1875 | D:11     | Reached XP level 10. HP: 44/44 MP: 12/18
  1884 | D:11     | Noticed a white ugly thing
  1885 | D:11     | Noticed Fannar
  1893 | D:11     | Demolished by a white ugly thing

Skill      XL: |  1  2  3  4  5  6  7  8  9 |
---------------+----------------------------+-----
Earth Magic    | 4 5 6 7 9 11 | 11.0
Conjurations   | 2 3 4 5 |  5.1
Spellcasting   | 3 4 5 |  5.1
Maces & Flails | 4 |  4.5
Fighting       | |  0.6
Dodging        | |  1.7
Stealth        | |  2.4
Transmutations | |  1.0

Action                   |  1- 3 |  4- 6 |  7- 9 | 10-12 || total
-------------------------+-------+-------+-------+-------++-------
Melee: Unarmed           |     6 |     9 |       |       ||    15
       Bite              |     2 |    10 |     6 |     1 ||    19
       Short sword       |       |    23 |    32 |       ||    55
       Flail             |       |       |     3 |     3 ||     6
 Cast: Sandblast         |    33 |    45 |    46 |       ||   124
       Stone Arrow       |       |    11 |     3 |     1 ||    15
       Lee's Rapid Decon |       |     1 |    12 |     4 ||    17
Invok: Curse Item        |       |       |     2 |       ||     2
  Use: Potion            |     1 |     3 |       |     1 ||     5
       Scroll            |       |     6 |     2 |       ||     8
 Stab: Sleeping          |       |     3 |     1 |       ||     4
  Eat: Chunk             |       |     2 |     5 |     1 ||     8
       Royal jelly       |       |     1 |       |       ||     1
Armor: Robe              |     3 |    10 |    15 |     2 ||    30
Dodge: Dodged            |    11 |    33 |    20 |     2 ||    66
